Map: Nightshade LE

Players

AGOElazer (Elazer) - Winner!

  • Race: Zerg Zerg
  • League: Master
  • Spawn Location: 5:00

Special

  • Race: Terran Terran
  • League: Master
  • Spawn Location: 11:00

VOD

Have the link to the VOD?

Description

Time

  • Played on: Jan. 14, 2020, 1:49 p.m.
  • Length: 13:29
Show
View Real Time Build Order
Export as new Build Order

AGOElazer Zerg - Winner!

Build Orders: Hatch First 

Get SALT Encoding   

  12  0:00  Drone  
  13  0:12  Overlord  
  13  0:17  Drone  
  14  0:30  Drone x2  
  16  0:48  Hatchery  
  15  0:51  Drone  
  15  0:54  Drone  
  17  0:57  Drone  
  18  1:08  Extractor  
  17  1:13  Spawning Pool  
  17  1:15  Drone  
  17  1:19  Drone  
  18  1:27  Drone  
  19  1:38  Drone  
  20  1:49  Drone  
  21  1:59  Queen x2  
  21  2:00  Zergling x4  
  27  2:13  Hatchery  
  26  2:18  Overlord  
  26  2:21  Drone  
  27  2:23  Drone  
  28  2:39  Drone x3  
  28  2:41  Metabolic Boost  
  28  2:44  Queen  
  31  2:49  Overlord  
  33  2:52  Drone  
  33  2:54  Drone  
  33  2:57  Drone  
  36  3:08  Drone x4  
  36  3:10  Drone  
  41  3:15  Drone  
  41  3:16  Overlord  
  42  3:20  Queen  
  42  3:25  Queen  
  46  3:30  Drone  
  46  3:31  Drone  
  46  3:33  Overlord  
  48  3:40  Zergling x6  
  51  3:42  Zergling x2  
  51  3:44  Drone x2  
  51  3:47  Drone  
  51  3:48  Drone  
  56  3:55  Overlord  
  56  3:59  Drone  
  56  4:00  Drone x3  
  56  4:02  Drone  
  55  4:12  Overlord  
  55  4:13  Drone  
  55  4:16  Drone x3  
  55  4:24  Queen  
  55  4:25  Spore Crawler  
  55  4:27  Overlord  
  55  4:30  Drone  
  57  4:32  Zergling x4  
  57  4:33  Zergling x2  
  60  4:39  Lair  
  60  4:42  Drone  
  60  4:43  Drone x3  
  64  4:49  Spore Crawler  
  64  4:50  Drone, Overlord  
  64  4:53  Spore Crawler  
  64  4:54  Drone  
  64  4:59  Zergling x6  
  66  5:05  Overlord  
  66  5:06  Extractor  
  65  5:09  Spore Crawler  
  65  5:10  Drone x3  
  65  5:12  Overlord  
  67  5:14  Drone  
  67  5:17  Drone  
  67  5:21  Drone x3  
  70  5:23  Drone  
  70  5:27  Drone, Baneling Nest  
  69  5:30  Evolution Chamber  
  69  5:33  Drone x2  
  70  5:42  Drone x5  
  71  5:44  Drone x2  
  71  5:45  Drone x2  
  71  5:46  Overseer  
  75  5:51  Queen  
  75  5:52  Drone  
  75  5:55  Drone x2  
  75  5:56  Drone  
  81  5:59  Overlord  
  81  6:03  Extractor, Drone x3  
  83  6:04  Extractor  
  83  6:09  Overseer  
  83  6:10  Drone x2, Evolution Chamber x2  
  82  6:13  Drone x2  
  82  6:15  Drone x2  
  82  6:16  Drone  
  87  6:20  Centrifical Hooks  
  87  6:22  Overlord  
  87  6:27  Extractor  
  87  6:28  Overlord  
  87  6:30  Extractor  
  87  6:31  Zergling x10  
  90  6:36  Overlord  
  90  6:37  Zergling x8  
  94  6:42  Overlord  
  94  6:46  Zerg Ground Armor Level 1, Zerg Melee Weapons Level 1  
  94  6:50  Overlord  
  94  6:55  Drone x2  
  94  6:57  Zergling x4  
  94  7:01  Hydralisk Den  
  96  7:04  Zergling x8  
  96  7:07  Zergling x4  
  102  7:08  Hatchery  
  102  7:10  Zergling x6  
  102  7:13  Zergling x2  
  102  7:15  Baneling x4  
  104  7:18  Zergling x8  
  104  7:20  Zergling x2  
  104  7:24  Overlord  
  104  7:26  Zergling x2  
  104  7:28  Drone  
  99  7:30  Overseer, Muscular Augments  
  99  7:32  Baneling x5  
  99  7:33  Drone  
  100  7:41  Hydralisk x4  
  108  7:48  Hatchery  
  102  7:52  Hydralisk  
  102  7:53  Hydralisk x4  
  112  8:00  Overlord  
  112  8:03  Overlord  
  112  8:04  Zergling x12  
  118  8:08  Burrow  
  115  8:15  Zergling x8  
  115  8:16  Zergling x2  
  115  8:19  Zergling x2  
  107  8:27  Zergling x4  
  107  8:28  Baneling x12  
  107  8:32  Zergling x10  
  114  8:36  Overlord  
  115  8:41  Zergling x12  
  115  8:42  Baneling x7  
  115  8:45  Grooved Spines, Overlord  
  120  9:01  Zergling x14  
  112  9:03  Zergling x4  
  112  9:06  Zergling x8  
  108  9:11  Zergling x6  
  108  9:12  Zerg Missile Weapons Level 1  
  106  9:18  Zerg Ground Armor Level 2  
  106  9:19  Hatchery  
  106  9:20  Baneling x8  
  105  9:26  Zergling x8  
  105  9:31  Baneling x6  
  109  9:32  Zergling x2  
  109  9:33  Zergling x2  
  109  9:35  Zergling x4  
  113  9:41  Zergling x10  
  113  9:44  Baneling x5  
  118  9:50  Overlord  
  118  9:51  Zergling x6  
  120  9:54  Zergling x6  
  123  10:00  Drone x2  
  123  10:01  Infestation Pit  
  123  10:02  Overlord  
  123  10:04  Drone  
  123  10:05  Overlord  
  125  10:08  Hydralisk  
  127  10:18  Zergling x12  
  131  10:26  Zergling x8  
  131  10:28  Baneling x2  
  126  10:31  Zergling x8  
  126  10:34  Zergling x4  
  123  10:37  Zergling x2  
  123  10:38  Zergling x4  
  123  10:40  Hydralisk  
  111  10:46  Hydralisk x3  
  110  10:53  Hydralisk x5  
  110  10:56  Hydralisk  
  115  11:01  Hydralisk x2  
  113  11:05  Hydralisk x2  
  113  11:06  Hydralisk  
  113  11:10  Baneling x6  
  113  11:11  Zergling x2  
  118  11:18  Hive  
  118  11:19  Baneling x2  
  118  11:21  Zergling x4  
  118  11:23  Zergling x4  
  122  11:26  Zergling x6  
  122  11:29  Zergling x6  
  128  11:37  Zergling x12, Baneling x2  
  132  11:48  Zergling x20  
  141  11:58  Zergling x10  
  144  12:05  Hatchery  
  144  12:07  Zergling x12  
  146  12:12  Zergling x8  
  146  12:14  Baneling x3  
  146  12:15  Baneling x4  
  144  12:19  Baneling x3  
  140  12:30  Baneling x14  
  140  12:31  Baneling  
  140  12:36  Zergling x10  
  145  12:43  Zergling x14  
  150  12:49  Zergling x10  
  153  12:58  Zergling x18  
  153  13:05  Zergling x12  
  155  13:12  Zergling x2  
Show
View Real Time Build Order
Export as new Build Order

Special Terran 

Build Orders: Hellion Banshee 

Get SALT Encoding   

  12  0:01  SCV  
  13  0:13  SCV  
  14  0:17  Supply Depot  
  14  0:25  SCV  
  14  0:28  Refinery  
  15  0:39  SCV  
  16  0:45  Barracks  
  16  0:51  SCV  
  17  1:03  SCV  
  18  1:15  SCV  
  20  1:32  Reaper, Orbital Command  
  20  1:42  Command Center  
  20  1:52  Factory  
  20  1:59  SCV  
  21  2:05  Barracks Reactor  
  21  2:11  SCV  
  22  2:15  Supply Depot  
  22  2:17  Refinery  
  22  2:23  SCV  
  23  2:37  SCV  
  23  2:42  Starport  
  24  2:49  SCV  
  25  2:51  Hellion  
  25  2:52  Hellion, Barracks Tech Lab  
  25  2:54  Orbital Command  
  29  3:01  SCV  
  30  3:13  SCV, Hellion x2  
  35  3:20  SCV  
  36  3:29  Cloaking Field  
  36  3:30  Banshee  
  36  3:32  Supply Depot  
  36  3:33  SCV  
  41  3:34  SCV  
  41  3:39  Hellion  
  43  3:42  Hellion  
  43  3:44  Barracks Tech Lab  
  43  3:47  SCV  
  46  3:53  SCV  
  46  3:55  Supply Depot  
  47  4:00  SCV  
  46  4:04  Hellion x2  
  46  4:05  SCV  
  51  4:12  SCV  
  51  4:13  Banshee  
  50  4:18  SCV  
  50  4:24  SCV  
  50  4:30  Command Center  
  50  4:31  Marine  
  50  4:33  SCV  
  50  4:36  SCV  
  50  4:38  Supply Depot  
  53  4:41  Stimpack  
  54  4:45  SCV  
  54  4:48  SCV  
  54  4:51  Marine  
  56  4:57  SCV  
  57  5:00  SCV  
  57  5:03  Factory Reactor  
  57  5:04  Barracks  
  58  5:08  Marine  
  58  5:09  SCV, Barracks  
  58  5:13  Starport Reactor  
  60  5:15  SCV  
  60  5:18  Engineering Bay  
  60  5:19  Engineering Bay  
  60  5:22  SCV  
  60  5:26  Marine  
  60  5:27  SCV  
  63  5:28  Refinery  
  63  5:29  Refinery  
  63  5:39  SCV  
  63  5:41  SCV  
  65  5:46  Terran Infantry Weapons Level 1, Terran Infantry Armor Level 1, Orbital Command  
  65  5:48  Barracks  
  65  5:49  Barracks  
  57  5:52  Marine x2  
  57  5:57  SCV x2  
  61  6:02  Medivac x2, Siege Tank  
  68  6:05  Orbital Command  
  68  6:06  Marine  
  68  6:09  SCV x2, Marine  
  68  6:10  Marine  
  73  6:12  Supply Depot  
  73  6:16  Marine x2  
  75  6:20  Supply Depot  
  75  6:21  SCV x2  
  75  6:23  Combat Shield  
  75  6:24  Marine  
  78  6:27  Marine  
  78  6:29  Marine  
  80  6:33  SCV x2  
  80  6:35  Barracks Reactor  
  80  6:37  Barracks Reactor  
  80  6:38  Marine  
  80  6:39  Siege Tank  
  86  6:40  SCV  
  86  6:45  Marine x3, SCV x2, Supply Depot  
  92  6:52  SCV, Medivac x2  
  97  6:57  SCV  
  97  7:00  Supply Depot  
  98  7:05  Barracks x2  
  98  7:06  Barracks  
  98  7:09  SCV x2  
  98  7:10  SCV  
  98  7:12  Marine  
  98  7:13  Marine x2  
  98  7:14  Marine  
  105  7:20  Marine  
  105  7:21  SCV  
  105  7:22  SCV  
  101  7:25  Marine x2  
  101  7:27  SCV, Marine x2  
  105  7:30  Marine  
  105  7:34  Supply Depot  
  105  7:36  SCV  
  107  7:38  Armory  
  107  7:47  Marine x2, Supply Depot  
  107  7:49  Medivac x2  
  112  7:53  Siege Tank  
  112  7:54  Marine x3  
  112  7:57  Barracks Reactor  
  112  7:58  Barracks Reactor  
  116  8:00  Marine x2  
  118  8:08  Marine  
  118  8:09  Supply Depot  
  118  8:12  Marine x2  
  117  8:26  Marine x6  
  117  8:27  Marine x2  
  103  8:28  Siege Tank  
  103  8:30  Marine x2  
  112  8:34  Terran Infantry Weapons Level 2  
  112  8:41  SCV x3  
  115  8:44  Marine x7  
  122  8:49  Marine x2  
  122  8:50  Marine x2  
  122  8:53  SCV x3  
  122  8:55  Marine x3  
  129  9:02  Marine  
  108  9:05  SCV, Siege Tank  
  108  9:07  Marine x8  
  112  9:15  Marine x4  
  112  9:16  Medivac  
  115  9:17  SCV  
  115  9:18  Medivac  
  115  9:23  Marine x2  
  118  9:24  Marine x2  
  118  9:25  Marine x3  
  118  9:27  Marine x3  
  126  9:32  Marine x2  
  126  9:33  Marine x2, Terran Infantry Armor Level 2  
  130  9:38  Supply Depot  
  130  9:40  Siege Tank  
  130  9:41  Marine  
  130  9:44  Marine x3  
  137  9:50  Marine  
  137  9:51  Marine x2  
  137  9:52  Marine  
  140  9:53  Marine  
  140  9:59  Marine x5  
  141  10:00  Marine  
  141  10:02  Marine  
  141  10:03  Supply Depot  
  141  10:04  Supply Depot  
  148  10:07  Marine x2  
  148  10:08  Marine  
  148  10:09  Marine x2  
  148  10:14  Marine x2  
  154  10:17  Marine x3  
  154  10:18  Marine  
  106  10:29  Marine x2  
  106  10:31  Marine x2  
  106  10:32  Marine x4  
  106  10:33  Marine  
  106  10:37  SCV x2  
  106  10:38  Marine  
  106  10:40  Marine  
  106  10:41  Marine  
  99  10:43  Marine x2, Medivac x2  
  99  10:47  Marine x2  
  99  10:49  Marine x3  
  95  10:57  Marine x2  
  95  11:04  Marine x5  
  92  11:08  Siege Tank  
  100  11:13  Medivac x2  
  100  11:14  Marine x4  
  108  11:21  Marine  
  108  11:22  Marine  
  108  11:23  Marine  
  108  11:25  Marine  
  112  11:26  Marine  
  112  11:27  Marine  
  112  11:30  Marine x2  
  112  11:31  Marine  
  117  11:33  Marine  
  117  11:37  Marine x2  
  117  11:38  Marine x2  
  117  11:39  Marine  
  123  11:42  Marine x2  
  123  11:43  Medivac x2  
  123  11:45  Siege Tank  
  132  11:53  Marine x2  
  134  11:54  Supply Depot  
  134  11:58  Marine x2  
  134  12:00  Marine  
  136  12:03  Marine  
  136  12:11  Marine x2  
  136  12:12  Marine x4  
  136  12:13  Marine x2  
  136  12:15  Marine x2  
  117  12:17  Marine  
  117  12:18  Marine x2, Siege Tank  
  117  12:21  Marine  
  124  12:29  Marine  
  125  12:32  Marine x3  
  125  12:34  Marine  
  125  12:37  Marine  
  129  12:43  Marine x2  
  132  12:45  Marine x2  
  132  12:47  Marine  
  132  12:50  Siege Tank  
  136  12:51  Marine  
  136  12:58  Marine  
  115  13:06  Marine  
  115  13:07  Marine  
  115  13:09  Marine x2  
Tags
 
Add a new tag
Caveats
  • Supply blocks, unpowered buildings, or Contaminate may cause inaccurate times.
  • Supply counts are checked every 10 seconds.